 Dungeon Crawl Stone Soup version 0.31.0-9-g3a7656b989 (webtiles) character file.

Game seed: 11170684584614310110

41 qw the Shooter (level 3, -4/18 HPs)
             Began as a Spriggan Hunter on Feb 2, 2024.
             Slain by Grinder (7 damage)
             ... on level 4 of the Dungeon.
             The game lasted 00:00:02 (719 turns).

qw the Shooter (Spriggan Hunter)                     Turns: 719, Time: 00:00:03

Health: -4/18      AC:  2    Str:  7    XL:     3   Next: 32%
Magic:  4/4        EV: 19    Int: 10    God:
Gold:   44         SH:  0    Dex: 20    Spells: 2/2 levels left

rFire   . . .        a - +1 shortbow (elec)
rCold   + . .        (shield currently unavailable)
rNeg    . . .        c - +0 robe
rPois   .            (helmet restricted)
rElec   .            (no cloak)
rCorr   .            (gloves unavailable)
SInv    +            (boots unavailable)
Will    .....        (no amulet)
Stlth   ++           j - ring of protection from cold
HPRegen 0.23/turn    (no ring)
MPRegen 0.09/turn

%: no passive effects
@: very quick
A: very small, no large weapons, unfitting armour, see invisible, speed 3
a: no special abilities


You were on level 4 of the Dungeon.
You visited 1 branch of the dungeon, and saw 3 of its levels.

You collected 44 gold pieces.


Innate Abilities, Weirdness & Mutations

You are very small and have problems with some larger weapons.
You are too small for most types of armour.
You have supernaturally acute eyesight. (SInv)
You cover ground extremely quickly. (Speed+++)


   Skills:
 - Level 1.5 Fighting
 + Level 4.6 Ranged Weapons
 - Level 4.0 Dodging
 - Level 1.5 Stealth


You had 2 spell levels left.
You didn't know any spells.
Your spell library was empty.

Inventory:

Hand Weapons
 a - a +1 shortbow of electrocution (weapon)
Armour
 c - a +0 robe (worn)
Jewellery
 j - a ring of protection from cold (left hand)
Potions
 b - a potion of might
 f - a potion of heal wounds {unknown}
 h - a potion of curing {unknown}
 k - a potion of haste {unknown}
 l - a potion of brilliance {unknown}

Dungeon Overview and Level Annotations

Branches:
Dungeon (4/15)
 Temple: D:4-7

Altars:

Annotations:
D:4 Grinder


Message History

Grinder, 2 orcs, an endoplasm and a quokka come into view.
Grinder shouts!
The orc shouts! x2
You shoot an arrow. The arrow hits the quokka.
The quokka is severely wounded.
You hear a shout!
The quokka barely misses you. The endoplasm freezes you.
You are frozen.
You resist.
An orc comes into view. It is wielding a +0 short sword.
The quokka barely misses you.
You shoot an arrow. The arrow hits the quokka.
You kill the quokka!
The endoplasm hits you.
You shoot an arrow. The arrow hits the endoplasm!
You kill the endoplasm!
You shoot an arrow. The arrow hits the orc!
Lightning courses through the orc!!
You kill the orc!
Grinder gestures at you.
You struggle to resist.
You shoot an arrow. The arrow hits the orc.
The orc is moderately wounded.
The orc closely misses you.
You shoot an arrow. The arrow closely misses the orc.
The orc closely misses you. Grinder gestures at you.
You suddenly lose the ability to move!
The orc hits you with a +0 club. Grinder barely misses you.
The orc completely misses you. The orc hits you with a +0 club.
Grinder gestures at you. Pain shoots through your body!
The orc barely misses you. x2; Grinder blinks!
The orc barely misses you. The orc hits you with a +0 club.
Grinder gestures at you.
You struggle to resist.
You can move again.
You shoot an arrow. The arrow hits the orc.
Lightning courses through the orc!
You kill the orc!
The orc closely misses you. The orc completely misses you. Grinder hits you!
You die...
Grinder says, "Hey, I wasn't done torturing you yet!"

#.......# ...
.#.......# ....
..#.......# ....#
...#.......#
.....######...#.......#
.............<.......
..........# #.5......#
#.@......#
.......)o.....#
#..............
#..............
#..............
+.....##....... #.....
....... ###### .......


You could see Grinder and an orc.

Vanquished Creatures
  2 orcs (D:4)
  5 endoplasms
  2 giant cockroaches (D:1)
  2 goblins
  3 hobgoblins (D:1)
  4 jackals (D:2)
  5 kobolds (D:1)
  3 quokkas
  2 ball pythons (D:1)
  A bat (D:1)
  A frilled lizard (D:2)
  5 rats (D:1)
35 creatures vanquished.

Notes
Turn   | Place    | Note
-------+----------+-------------------------------------------
     0 | D:1      | qw the Spriggan Hunter began the quest for the Orb.
     0 | D:1      | Reached XP level 1. HP: 10/10 MP: 2/2
     0 | D:1      | 0 ||| qw: Version: 0.3-a-155-g5e7d8dd
     0 | D:1      | 0 ||| qw: Game counter: 1868
     0 | D:1      | 0 ||| qw: Melee chars always use a shield: true
     0 | D:1      | 0 ||| qw: God list: Okawaru
     0 | D:1      | 0 ||| qw: Allow faded altars: false
     0 | D:1      | 0 ||| qw: Do Orc after clearing Dungeon:15 true
     0 | D:1      | 0 ||| qw: Do second Lair branch before Depths: true
     0 | D:1      | 0 ||| qw: Lair rune preference: random
     0 | D:1      | 0 ||| qw: Goals: Normal
     0 | D:1      | 0 ||| PLANNING D:1-11
    36 | D:1      | Reached skill level 3 in Dodging
   201 | D:1      | Reached XP level 2. HP: 14/14 MP: 3/3
   545 | D:1      | 545 ||| UPGRADING to ring of protection from cold.
   546 | D:1      | 546 ||| READING scroll labelled ECEVYCSE FEUMI.
   546 | D:1      | 546 ||| IDENTIFYING viscous pink potion
   547 | D:1      | 547 ||| READING scroll labelled NEGOSTR JAMP.
   547 | D:1      | 547 ||| ENCHANTING +0 shortbow.
   548 | D:1      | 548 ||| READING 3 scrolls labelled POIWKU PAB.
   549 | D:1      | 549 ||| READING scroll labelled TELEAF NUYCUL.
   549 | D:1      | 549 ||| BRANDING +1 shortbow.
   550 | D:1      | 550 ||| DROPPING scroll of butterflies.
   551 | D:1      | 551 ||| DROPPING potion of lignification.
   552 | D:1      | 552 ||| DROPPING 2 scrolls of immolation.
   577 | D:2      | Reached XP level 3. HP: 18/18 MP: 4/4
   704 | D:2      | You fall into a shaft and drop 2 floors!
   705 | D:4      | 705 ||| READING scroll of identify.
   705 | D:4      | 705 ||| IDENTIFYING sapphire potion
   706 | D:4      | 706 ||| READING scroll labelled YKAGIH BUAR.
   708 | D:4      | Noticed Grinder
   714 | D:4      | Paralysed by Grinder for 5 turns
   716 | D:4      | HP: 4/18 [Grinder/nerve-wracking pain (8)]
   719 | D:4      | Slain by Grinder

Levels and vault maps discovered:
D:1:      roderic_dead_forest, layout_basic, minmay_octomino_e4
D:2:      minmay_spotlight, layout_loops_ring
D:4:      layout_basic, mainiacjoe_overflow_24_doors, serial_shops, shop,
          nicolae_goblin_pals, uniq_grinder, uniq_ijyb, uniq_eustachio

Skill      XL: |  1  2 |
---------------+-------+-----
Dodging        | 3 4 |  4.0
Fighting       | |  1.5
Ranged Weapons | |  4.6
Stealth        | |  1.5

Action                     || total
---------------------------++-------
   Fire: Shortbow          ||    96
    Use: Scroll            ||     6
 Armour: Robe              ||    10
  Dodge: Dodged            ||    37

Table legend:
 A = Non-vault XP
 B = Vault XP
 C = Vault XP percentage of total XP
 D = Non-vault monster count
 E = Vault monster count
 F = Vault count percentage of total count
                 A         B        C        D         E       F
            +---------+---------+-------+---------+---------+-------
      Total |      58 |       4 |   6.5 |      32 |       3 |   8.6
            +---------+---------+-------+---------+---------+-------
        D:1 |      35 |       4 |  10.3 |      21 |       3 |  12.5
        D:2 |      13 |       0 |   0.0 |       7 |       0 |   0.0
        D:4 |      10 |       0 |   0.0 |       4 |       0 |   0.0
            +---------+---------+-------+---------+---------+-------
